 Dungeon Crawl Stone Soup version 0.30-a0-159-g068b764562 (webtiles) character file.

Game seed: 3521487164799750435

5 ragingrage the Conjurer (level 1, -1/14 (16) HPs)
             Began as a Demonspawn Reaver on Sept 27, 2022.
             Frozen to death by an endoplasm (4 damage)
             ... on level 1 of the Dungeon.
             The game lasted 00:00:18 (70 turns).

ragingrage the Conjurer (Demonspawn Reaver)           Turns: 70, Time: 00:00:18

HP:   -1/14 (16)    AC:  3    Str: 12    XL:     1   Next: 66%
MP:   2/3           EV: 11    Int: 14    God:
Gold: 15            SH:  0    Dex: 11    Spells: 3/4 levels left

rFire   . . .      SeeInvis .    a - +0 spear
rCold   . . .      Faith    .    (no shield)
rNeg    . . .      Spirit   .    b - +0 leather armour
rPois   .          Reflect  .    (no helmet)
rElec   .          Harm     .    (no cloak)
rCorr   .          Rampage  .    (no gloves)
Will    .....                    (no boots)
Stlth   +.........               (no amulet)
HPRegen 0.04/turn                (no ring)
MPRegen 0.08/turn                (no ring)

@: heavily drained
A: no striking features
a: no special abilities


You were on level 1 of the Dungeon.
You visited 1 branch of the dungeon, and saw 1 of its levels.

You collected 15 gold pieces.

Inventory:

Hand Weapons
 a - a +0 spear (weapon)
Armour
 b - a +0 leather armour (worn)


   Skills:
 - Level 2.0 Fighting
 + Level 2.9 Polearms
 - Level 1.7 Dodging
 - Level 2.0 Spellcasting
 + Level 3.2 Conjurations


You had 3 spell levels left.
You knew the following spells:

 Your Spells              Type           Power      Damage    Failure   Level
a - Kiss of Death         Conj/Necr      20%        2d7       16%         1

Your spell library contained the following spells:

 Spells                   Type           Power      Damage    Failure   Level
 Volcanic Tap             Conj/Fire/Erth 8%         3d8       30%         2
 Hailstorm                Conj/Ice       5%         3d4       43%         3


Dungeon Overview and Level Annotations

Branches:
Dungeon (1/15)

Altars:


Message History

The endoplasm quivers. x2
The jackal barks! x2
The rat attacks as you move away! The rat closely misses you.
A rat comes into view.
Found an escape hatch in the floor.
The endoplasm attacks as you move away!
The endoplasm hits you but does no damage.
The rat attacks as you move away! The rat bites you but does no damage.
The endoplasm attacks as you move away! The endoplasm hits you.
Found a flail.
The rat barely misses you. The rat attacks as you move away!
The rat misses you. The endoplasm freezes you.
You are frozen.
The rat attacks as you move away! The rat closely misses you.
The endoplasm attacks as you move away!
The endoplasm hits you but does no damage.
Casting: Kiss of Death (safe; 16% risk of failure)
Confirm with . or Enter, or press ? or * to list all spells.
Aiming: Kiss of Death (safe; 16% risk of failure)
Press: ? - help, Shift-Dir - straight line, f - endoplasm
Aim: an endoplasm (100% to hit)
The negative energy hits the endoplasm.
The endoplasm is drained!
The endoplasm is almost dead.
You feel drained. The endoplasm barely misses you.
You hit the endoplasm.
You kill the endoplasm!
You closely miss the rat. The rat bites you.
You barely miss the rat. The rat bites you but does no damage.
You closely miss the rat. The rat bites you.
You hit the rat.
You kill the rat!
You hit the endoplasm but do no damage. The endoplasm freezes you.
You are frozen.
* * * LOW HITPOINT WARNING * * *
You hit the endoplasm.
The endoplasm is moderately wounded.
The endoplasm freezes you.
You are frozen.
You die...

..... ##. ).... .. .... ##.
.... # #>.##. .# ###
##.##...# .# #..
..##.###......h##.#.....
..#<#>##..##.hrJ@...#####.#
..............h####........
.####.###....#.####........
.# #.##..####.h..#......!.
.# ##....# ###h...........
.###...######....J.........
.....####..................
.##### ##.##....###...=....
..# #......### #........


You could see an endoplasm, 3 jackals and a rat.

Vanquished Creatures
  2 endoplasms (D:1)
  A hobgoblin (D:1)
  A kobold (D:1)
  A rat (D:1)
5 creatures vanquished.

Notes
Turn   | Place    | Note
-------+----------+-------------------------------------------
     0 | D:1      | ragingrage the Demonspawn Reaver began the quest for the
                  | Orb.
     0 | D:1      | Reached XP level 1. HP: 16/16 MP: 3/3
    70 | D:1      | Frozen to death by an endoplasm

Illustrated notes

Levels and vault maps discovered:
D:1:      onia_arrival_handbag, layout_rooms,
          shapermc_ecumenical_altar_acropolis

Action                   || total
-------------------------++-------
Melee: Spear             ||    15
 Cast: Kiss of Death     ||     1
Armor: Leather armour    ||     4
Dodge: Dodged            ||     7

Table legend: (Time is in decaauts)
 A = Elapsed time spent in this place.
 B = Non-inter-level travel time spent in this place.
 C = Inter-level travel time spent in this place.
 D = Time resting spent in this place.
 E = Time spent auto-exploring this place.
 F = Levels seen in this place.
 G = Mean time per level.
                   A        B        C        D        E       F      G
               +--------+--------+--------+--------+--------+-----+--------+
         Total |     69 |     69 |      0 |      0 |     29 |   1 |   69.0 |
       Dungeon |     69 |     69 |      0 |      0 |     29 |   1 |   69.0 |
               +--------+--------+--------+--------+--------+-----+--------+

Top non-repeatable levels by time:
     D:1: 69 daAuts
